 Dungeon Crawl Stone Soup version 0.29-a0-716-gf28ee254f9 (webtiles) character file.

Game seed: 12434734716447818144

36142 KristoblXynda the Brawler (level 13, -6/116 HPs)
             Began as a Yellow Draconian Transmuter on June 26, 2022.
             Was an Initiate of Gozag.
             Mangled by a sun demon (11 damage)
             ... on level 2 of the Abyss.
             The game lasted 00:27:03 (20941 turns).

KristoblXynda the Brawler (DrTm)                   Turns: 20941, Time: 00:27:03

Health: -6/116     AC: 11    Str: 12    XL:     13   Next: 51%
Magic:  15/16      EV: 18    Int: 10    God:    Gozag
Gold:   1873       SH:  0    Dex: 16    Spells: 13/16 levels left

rFire   . . .      SeeInvis +     - Unarmed
rCold   . . .      Faith    .   (no shield)
rNeg    + + .      Spirit   .   (body armour unavailable)
rPois   +          Reflect  .   (helmet currently unavailable)
rElec   .          Harm     .   C - +2 ratskin cloak {*Rats rPois rN+ Str-1 Int-1 Dex+1}
rCorr   +          Rampage  .   (no gloves)
Will    .....                   (boots currently unavailable)
Stlth   +.........              x - amulet of the acrobat
HPRegen 0.29/turn               y - ring "Inno" {rPois rN+ Int-4 Dex+2 Slay+4}
MPRegen 0.15/turn               z - ring of see invisible

@: appendages, studying Unarmed Combat
A: horns 2, talons 2, spit acid, AC +8, unfitting armour, cold-blooded, acid
resistance, hooves 1, stinger 1, weak 1, subdued magic 1
a: Breathe Acid, End Transformation, Renounce Religion, Potion Petition, Call
Merchant, Bribe Branch


You were on level 2 of the Abyss.
You worshipped Gozag.
Gozag was most pleased with you.
You had temporarily grown beastly horns and talons.
You visited 2 branches of the dungeon, and saw 16 of its levels.
You visited the Abyss 1 time.
You also visited: Sewer.

You collected 2759 gold pieces.
You spent 116 gold pieces at shops.
You paid 770 gold pieces to Gozag.

Inventory:

Hand Weapons
 g - a +1 vorpal demon whip
Armour
 j - a +1 pair of boots (melded)
 q - a +0 cloak of stealth
 t - a +1 kite shield of protection
 C - the +2 ratskin cloak (worn) {*Rats rPois rN+ Str-1 Int-1 Dex+1}
   (You found it on level 12 of the Dungeon)

   When the wearer is hurt, rats may emerge from it to assist them.
   Str:       It affects your strength (-1).
   Int:       It affects your intelligence (-1).
   Dex:       It affects your dexterity (+1).
   rPois:     It protects you from poison.
   rN:        It protects you from negative energy.
Jewellery
 o - a +4 ring of evasion
 s - a ring of protection from fire
 x - an amulet of the acrobat (around neck)
 y - the ring "Inno" (left hand) {rPois rN+ Int-4 Dex+2 Slay+4}
   (You found it on level 6 of the Dungeon)

   [ring of positive energy]

   Int:       It affects your intelligence (-4).
   Dex:       It affects your dexterity (+2).
   Slay:      It affects your accuracy & damage with ranged weapons and melee
   (+4).
   rPois:     It protects you from poison.
   rN:        It protects you from negative energy.
 z - a ring of see invisible (right hand)
Wands
 i - a wand of mindburst (6)
 A - a wand of paralysis (3)
 B - a wand of iceblast (13)
Scrolls
 b - 11 scrolls of teleportation
 c - a scroll of enchant armour
 d - a scroll of amnesia
 l - 5 scrolls of magic mapping
 p - 3 scrolls of fear
 r - 3 scrolls of identify
 w - a scroll of fog
 E - a scroll of enchant weapon
Potions
 a - 3 potions of lignification
 e - 2 potions of curing
 f - a potion of magic
 h - 4 potions of flight
 m - 2 potions of haste
 n - 3 potions of attraction
 u - a potion of brilliance
 v - 2 potions of cancellation
 D - 2 potions of invisibility
 G - a potion of ambrosia {unknown}
Miscellaneous
 F - a tin of tremorstones (2/2)


   Skills:
 + Level 11.0 Fighting
 + Level 11.4 Dodging
 + Level 15.3 Unarmed Combat
 - Level 2.0 Spellcasting
 - Level 10.5 Transmutations
 + Level 7.5 Evocations


You had 13 spell levels left.
You knew the following spells:

 Your Spells              Type           Power      Damage    Failure   Level
a - Beastly Appendage     Tmut           34%        N/A       1%          1
b - Wereblood             Tmut           17%        N/A       1%          2

Your spell library contained the following spells:

 Spells                   Type           Power      Damage    Failure   Level
 Passwall                 Tmut/Erth      6%         N/A       4%          2
 Spider Form              Tmut/Pois      8%         N/A       9%          3
 Ignite Poison            Fire/Tmut/Pois 6%         N/A       19%         3
 Apportation              Tloc           0%         N/A       26%         1
 Necrotize                Necr           0%         1d4       26%         1
 Sandblast                Erth           0%         2d4       26%         1
 Summon Small Mammal      Summ           0%         N/A       26%         1
 Ice Form                 Ice/Tmut       8%         N/A       30%         4
 Petrify                  Tmut/Erth      8%         N/A       30%         4
 Scorch                   Fire           0%         2d5       38%         2
 Static Discharge         Conj/Air       0%         N/A       38%         2
 Call Canine Familiar     Summ           0%         N/A       63%         3
 Conjure Flame            Conj/Fire      0%         6-21      63%         3
 Stone Arrow              Conj/Erth      0%         3d7       63%         3
 Summon Guardian Golem    Hex/Summ       0%         N/A       63%         3
 Tukima's Dance           Hex            0%         N/A       63%         3
 Yara's Violent Unravell  Hex/Tmut       4%         3d4       65%         5
 Dispel Undead            Necr           0%         3d6       96%         4
 Flame Wave               Conj/Fire      0%         2d4       96%         4
 Passage of Golubria      Tloc           0%         N/A       96%         4
 Sticky Flame             Conj/Fire      0%         2d3       96%         4
 Statue Form              Tmut/Erth      5%         N/A       99%         6
 Metabolic Englaciation   Hex/Ice        0%         N/A       100%        5
 Summon Cactus Giant      Summ           0%         N/A       100%        6


Dungeon Overview and Level Annotations

Branches:
Dungeon (15/15)            Temple (1/1) D:6            Lair (0/6) D:9
    Orc (0/2) D:10         Vaults (0/5) D:14          Sewer (visited)
 Depths: D:15

Altars:
Ashenzari
Cheibriados
Dithmenos
Elyvilon
Fedhas
Gozag
Hepliaklqana
Kikubaaqudgha
Makhleb
Nemelex Xobeh
Okawaru
Qazlal
Ru
Sif Muna
Trog
Uskayaw
Vehumet
Wu Jian
Xom
Yredelemnul
Zin
The Shining One

Shops:
D:5 ?   D:6 *


Innate Abilities, Weirdness & Mutations

You have temporarily grown beastly horns and talons.
You can spit globs of acid.
Your golden yellow scales are hard. (AC +8)
You cannot fit into any form of body armour.
You are cold-blooded and may be slowed by cold attacks.
You are resistant to acid. (rCorr)
You have large cloven feet.
Your tail ends in a venomous barb.
You are weak. (Str -2)
Your spells are a little easier to cast, but a little less powerful.


Message History

You destroy the large abomination!
You start resting.
Magic restored.
You start resting.
A sun demon comes into view.
A sun demon is nearby!
The sun demon shouts!
You start resting.
A sun demon is nearby!
The sun demon completely misses you.
Casting: Beastly Appendage (safe; 1% risk of failure)
Confirm with . or Enter, or press ? or * to list all spells.
You grow a pair of large bovine horns.
Your feet morph into talons.
Your +1 pair of boots melds into your body.
The sun demon barely misses you.
You punch the sun demon! Your kick misses the sun demon.
You headbutt the sun demon, but do no damage.
The sun demon is lightly wounded.
The sun demon completely misses you.
You punch the sun demon!
You claw the sun demon, but do no damage.
You headbutt the sun demon! Your punch misses the sun demon.
The sun demon is heavily wounded.
The sun demon hits you.
You are engulfed in flames!
You hit the sun demon. Your headbutt misses the sun demon.
The sun demon is heavily wounded.
The sun demon barely misses you.
You closely miss the sun demon. Your headbutt misses the sun demon.
The sun demon is heavily wounded.
The sun demon hits you!!
* * * LOW HITPOINT WARNING * * *
You are engulfed in flames!
* * * LOW HITPOINT WARNING * * *
A river rat scurries out from under your cloak.
You feel better. The sun demon closely misses you.
The sun demon attacks as you move away! The sun demon hits you.
* * * LOW HITPOINT WARNING * * *
You are engulfed in flames!
You die...
Your body crumbles into a pile of gold.

. .. ##
#..##.
......### .
#....§###
#.....§§#.#
#r.# . ##
#.@## §#
####.##3# #
.##... ##.#
#. .
#..#....#
##.# ..#.#
#.## 3.##
#. ##.#..##
. . ##. # #
#.3.. #.#..


You could see a sun demon (ally target) and a friendly river rat.

Vanquished Creatures
  A lorocyproca (Abyss:2)
  The ghost of Ojucromu the Frost Mage, a journeyman OpIE of Gozag (D:14)
  4 vault guards (D:14)
  5 boulder beetles
  Erolcha (D:11)
  3 hydras
  6 centaur warriors
  2 two-headed ogres
  2 tengu warriors
  Nergalle (D:10)
  Amaemon (D:10)
  A deep elf pyromancer (D:14)
  8 ugly things
  A worldbinder (Abyss:2)
  4 slime creatures (D:12)
  4 cyclopes
  3 manticores
  Maurice (D:10)
  A smoke demon (Abyss:2)
  3 gargoyles
  An orange demon (D:10)
  Maggie (D:8)
  A polar bear (shapeshifter) (D:14)
  3 meliai (D:12)
  2 trolls
  A hornet (D:9)
  A vampire (D:9)
  A centaur simulacrum (D:14)
  A shadow (D:9)
  5 wraiths
  7 yaks (D:9)
  4 wyverns
  A basilisk (D:13)
  A chaos spawn (Abyss:2)
  A steam dragon (D:8)
  14 vampire mosquitoes
  A large abomination (Abyss:2)
  2 acid dragons
  A water moccasin (D:9)
  Duvessa (D:6)
  An orc warrior (D:9)
  2 black bears
  An ice beast (D:5)
  2 ogres
  4 centaurs
  2 phantoms
  A kobold brigand (D:9)
  10 bullfrogs
  2 scorpions
  A necrophage (D:6)
  13 wights
  Dowan (D:6)
  4 killer bees (D:8)
  A vampire bat (D:8)
  2 howler monkeys
  A jelly (D:8)
  4 hounds
  2 orc priests
  Jessica (D:2)
  An iguana (D:6)
  7 orc wizards
  8 adders
  4 river rats (Sewer)
  A shadow imp (D:7)
  A white imp (D:6)
  An ufetubus (D:6)
  2 dart slugs
  21 orcs
  7 endoplasms
  5 giant cockroaches
  9 goblins
  9 hobgoblins
  4 jackals (D:1)
  3 kobolds
  4 quokkas
  26 ball pythons
  18 bats
  6 frilled lizards
  29 rats
324 creatures vanquished.

Vanquished Creatures (others)
  A wizard (D:14)
  A kobold (D:4)
  12 fungi (D:9)
  10 plants
24 creatures vanquished.

Grand Total: 348 creatures vanquished

Notes
Turn   | Place    | Note
-------+----------+-------------------------------------------
     0 | D:1      | KristoblXynda the Draconian Transmuter began the quest for
                  | the Orb.
     0 | D:1      | Reached XP level 1. HP: 16/16 MP: 3/3
   211 | D:1      | Reached XP level 2. HP: 22/23 MP: 5/5
  1044 | D:2      | Reached XP level 3. HP: 25/29 MP: 6/6
  1719 | D:2      | Noticed Jessica
  1729 | D:2      | Killed Jessica
  1730 | D:2      | Reached XP level 4. HP: 30/37 MP: 7/7
  2174 | D:3      | Found a faded altar of an unknown god.
  2487 | D:3      | Found a hide-covered altar of Uskayaw.
  2487 | D:3      | Noticed a black bear
  2509 | D:3      | Killed a black bear
  2510 | D:3      | Reached skill level 4 in Unarmed Combat
  2510 | D:3      | Reached XP level 5. HP: 17/45 MP: 6/8
  2531 | D:3      | Learned a level 2 spell: Wereblood
  3186 | D:4      | Reached XP level 6. HP: 51/51 MP: 9/9
  3835 | D:5      | Entered Level 5 of the Dungeon
  3838 | D:5      | Found Mium's Magic Scroll Emporium.
  3846 | D:5      | Bought a scroll of teleportation for 39 gold pieces
  3913 | D:5      | Noticed an ice beast
  3927 | D:5      | Your scales start taking on a golden yellow colour.
  3927 | D:5      | Reached XP level 7. HP: 50/59 MP: 7/10
  3927 | D:5      | Gained mutation: You are resistant to acid. (rCorr) [Yellow
                  | Draconian growth]
  3930 | D:5      | Reached skill level 5 in Unarmed Combat
  4468 | D:6      | Reached skill level 5 in Fighting
  4491 | D:6      | Found Fiwiem's General Store.
  4505 | D:6      | Bought a scroll of identify for 22 gold pieces
  4505 | D:6      | Bought a potion of berserk rage for 55 gold pieces
  4584 | D:6      | Found a staircase to the Ecumenical Temple.
  4589 | Temple   | Entered the Ecumenical Temple
  4596 | Temple   | Became a worshipper of Gozag Ym Sagoz the Greedy
  4634 | D:6      | Reached XP level 8. HP: 64/68 MP: 9/11
  4667 | D:6      | Reached skill level 5 in Dodging
  4667 | D:6      | Reached skill level 6 in Unarmed Combat
  4692 | D:6      | Found a glowing drain.
  4718 | Sewer    | Entered a sewer
  5329 | Sewer    | Gained mutation: You have a pair of small antennae on your
                  | head. [potion of mutation]
  5330 | Sewer    | Lost mutation: You have a pair of small antennae on your
                  | head. [potion of mutation]
  5330 | Sewer    | Gained mutation: You are occasionally teleported next to
                  | monsters. [potion of mutation]
  5330 | Sewer    | Gained mutation: You are dopey. (Int -2) [potion of
                  | mutation]
  5330 | Sewer    | Gained mutation: Your system is resistant to poisons.
                  | (rPois) [potion of mutation]
  5331 | Sewer    | Lost mutation: You are dopey. (Int -2) [potion of mutation]
  5331 | Sewer    | Lost mutation: You are occasionally teleported next to
                  | monsters. [potion of mutation]
  5331 | Sewer    | Gained mutation: You are frail. (-10% HP) [potion of
                  | mutation]
  5331 | Sewer    | Gained mutation: Your body sometimes deteriorates upon
                  | taking damage. [potion of mutation]
  5331 | Sewer    | Gained mutation: You possess an exceptional clarity of
                  | mind. [potion of mutation]
  5332 | Sewer    | Lost mutation: Your system is resistant to poisons. (rPois)
                  | [potion of mutation]
  5332 | Sewer    | Lost mutation: You possess an exceptional clarity of mind.
                  | [potion of mutation]
  5332 | Sewer    | Lost mutation: You are frail. (-10% HP) [potion of
                  | mutation]
  5332 | Sewer    | Gained mutation: Your body often deteriorates upon taking
                  | damage. [potion of mutation]
  5332 | Sewer    | Gained mutation: Your mind is acute. (Int +4, Str/Dex -1)
                  | [potion of mutation]
  5332 | Sewer    | Gained mutation: Your muscles are strong. (Str +4, Int/Dex
                  | -1) [potion of mutation]
  5499 | D:6      | Found a blossoming altar of Fedhas.
  5583 | D:6      | Noticed Duvessa
  5587 | D:6      | Noticed Dowan
  5599 | D:6      | Killed Duvessa
  5605 | D:6      | Killed Dowan
  5938 | D:6      | Identified the ring "Inno" {rPois rN+ Int-4 Dex+2 Slay+4}
  6168 | D:7      | Reached skill level 7 in Unarmed Combat
  6811 | D:7      | Lost mutation: Your body often deteriorates upon taking
                  | damage. [potion of mutation]
  6811 | D:7      | Lost mutation: Your mind is acute. (Int +4, Str/Dex -1)
                  | [potion of mutation]
  6811 | D:7      | Lost mutation: Your body sometimes deteriorates upon taking
                  | damage. [potion of mutation]
  6811 | D:7      | Gained mutation: You are clumsy. (Dex -2) [potion of
                  | mutation]
  6953 | D:8      | Reached XP level 9. HP: 72/79 MP: 12/12
  7462 | D:8      | Noticed Maggie
  7739 | D:8      | Killed Maggie
  7740 | D:8      | Reached skill level 8 in Unarmed Combat
  9520 | D:9      | Found a staircase to the Lair.
  9530 | D:9      | Reached XP level 10. HP: 59/90 MP: 13/13
  9606 | D:9      | Reached skill level 5 in Transmutations
 10200 | D:9      | Identified a scroll of acquirement
 10200 | D:9      | Acquired a manual of Unarmed Combat
 10230 | D:9      | Reached skill level 9 in Unarmed Combat
 10640 | D:9      | Paralysed by a hornet for 1 turns
 10938 | D:10     | Entered Level 10 of the Dungeon
 10938 | D:10     | Noticed Amaemon
 10938 | D:10     | Noticed an orange demon
 11012 | D:10     | Killed Amaemon
 11014 | D:10     | Noticed a gargoyle
 11017 | D:10     | Killed an orange demon
 11040 | D:10     | Killed a gargoyle
 11041 | D:10     | Reached skill level 10 in Unarmed Combat
 11526 | D:10     | Reached skill level 10 in Fighting
 11560 | D:10     | Reached XP level 11. HP: 38/99 MP: 14/14
 11876 | D:10     | Found a sacrificial altar of Ru.
 11877 | D:10     | Found a glowing golden altar of the Shining One.
 11877 | D:10     | Found a sparkling altar of Nemelex Xobeh.
 11880 | D:10     | Found a shimmering blue altar of Sif Muna.
 11881 | D:10     | Found an ancient bone altar of Kikubaaqudgha.
 12100 | D:10     | Noticed Maurice
 12131 | D:10     | Killed Maurice
 12841 | D:10     | Noticed Nergalle
 12864 | D:10     | Killed Nergalle
 12985 | D:10     | Found a staircase to the Orcish Mines.
 13834 | D:11     | Noticed a two-headed ogre
 13835 | D:11     | Noticed Erolcha
 13840 | D:11     | Killed a two-headed ogre
 13841 | D:11     | Reached skill level 11 in Unarmed Combat
 13844 | D:11     | Killed Erolcha
 14254 | D:12     | Noticed a boulder beetle
 14267 | D:12     | Killed a boulder beetle
 14430 | D:12     | Noticed a two-headed ogre
 14430 | D:12     | Noticed a purple ugly thing
 14444 | D:12     | Killed a two-headed ogre
 14445 | D:12     | Reached skill level 1 in Evocations
 14453 | D:12     | Killed a purple ugly thing
 15177 | D:12     | Found the +2 ratskin cloak {*Rats rPois rN+ Str-1 Int-1
                  | Dex+1}
 15262 | D:12     | Reached skill level 12 in Unarmed Combat
 15628 | D:12     | Noticed a five-headed hydra
 15636 | D:12     | Killed a five-headed hydra
 16122 | D:12     | Lost mutation: You are clumsy. (Dex -2) [potion of
                  | mutation]
 16122 | D:12     | Lost mutation: Your muscles are strong. (Str +4, Int/Dex
                  | -1) [potion of mutation]
 16122 | D:12     | Gained mutation: Your spells are a little easier to cast,
                  | but a little less powerful. [potion of mutation]
 16122 | D:12     | Gained mutation: You are weak. (Str -2) [potion of
                  | mutation]
 16122 | D:12     | Gained mutation: Your tail ends in a venomous barb. [potion
                  | of mutation]
 16122 | D:12     | Gained mutation: You have large cloven feet. [potion of
                  | mutation]
 16244 | D:12     | Reached XP level 12. HP: 104/108 MP: 15/15
 16655 | D:13     | Noticed a centaur warrior
 16668 | D:13     | Killed a centaur warrior
 17035 | D:13     | Noticed a boulder beetle
 17060 | D:13     | Killed a boulder beetle
 17065 | D:13     | Reached skill level 10 in Dodging
 17327 | D:13     | Found a shimmering blue altar of Sif Muna.
 17334 | D:13     | Reached skill level 13 in Unarmed Combat
 17442 | D:13     | Noticed a centaur warrior
 17453 | D:13     | Killed a centaur warrior
 17598 | D:13     | Noticed a tengu warrior
 17611 | D:13     | Killed a tengu warrior
 17862 | D:13     | Noticed a boulder beetle
 17894 | D:13     | Killed a boulder beetle
 17895 | D:13     | Reached skill level 5 in Evocations
 18242 | D:14     | Noticed a centaur warrior
 18250 | D:14     | Killed a centaur warrior
 18270 | D:14     | Found a gate to the Vaults.
 18270 | D:14     | Noticed a centaur warrior
 18270 | D:14     | Noticed a vault guard
 18270 | D:14     | Noticed a four-headed hydra
 18270 | D:14     | Noticed a vault guard
 18270 | D:14     | Noticed a vault guard
 18270 | D:14     | Noticed a vault guard
 18279 | D:14     | Killed a vault guard
 18281 | D:14     | Killed a vault guard
 18285 | D:14     | Killed a four-headed hydra
 18286 | D:14     | Reached skill level 14 in Unarmed Combat
 18288 | D:14     | Killed a centaur warrior
 18305 | D:14     | Killed a vault guard
 18306 | D:14     | Reached skill level 10 in Transmutations
 18308 | D:14     | Killed a vault guard
 18314 | D:14     | Reached XP level 13. HP: 14/114 MP: 16/16
 19558 | D:14     | Noticed Ojucromu's ghost (journeyman OpIE)
 19688 | D:14     | Found a runed translucent door.
 19716 | D:14     | Killed Ojucromu's ghost
 19836 | D:14     | Reached skill level 15 in Unarmed Combat
 20285 | D:15     | Entered Level 15 of the Dungeon
 20671 | D:15     | Noticed an ettin
 20678 | Abyss:2  | Cast into level 2 of the Abyss (a wizard)
 20812 | Abyss:2  | Noticed a lorocyproca
 20819 | Abyss:2  | Killed a lorocyproca
 20939 | Abyss:2  | HP: 1/116 [sun demon (14)]
 20941 | Abyss:2  | Mangled by a sun demon

Illustrated notes

Levels and vault maps discovered:
D:1:      dpeg_arrival_three_same_balls, layout_basic, grunt_decor_fettered
D:2:      layout_loops_corners, uniq_jessica
D:3:      layout_rooms, eat_drink_and_be_merry_uskayaw,
          hellmonk_ecumenical_altar_heavens_door, serial_glass, glass_columns_b,
          glass_columns_c, glass_columns_a, glass_columns_c
D:4:      layout_basic
D:5:      layout_basic, serial_shops, shop
D:6:      nicolae_cairo_tiling, layout_rooms, fedhas_altar_4, temple_doors_ab,
          serial_shops, shop, portal_sewer_entry_b, uniq_duvessa
D:7:      layout_basic
D:8:      layout_basic, roderic_batcave, uniq_maggie
D:9:      layout_grid_maze, grunt_lair_entry_orc_guard_hut,
          kennysheep_generic_room_5
D:10:     layout_layer_cave, grunt_temple_overflow_open, orc_0_dummy,
          minivault_4, uniq_maurice, uniq_nergalle, uniq_amaemon
D:11:     layout_cave_pods, uniq_erolcha
D:12:     layout_long_grid, eino_small_chamber_without_monster
D:13:     layout_basic, nicolae_sif_muna_condensation
D:14:     layout_irregular_city, lightli_vaults_fourway_checkpoint,
          hellmonk_ghost_happy_afterlife, minmay_misc_feat_pillars
D:15:     hangedman_depths_entry_civil_slaughter, layout_cave_pods,
          nicolae_twisting_strands, corner_web_ring, serial_park_tiny_pond
Temple:   minmay_freezing_vapour_temple
Abyss:2:  base: D:13, hangedman_abyss_theft

Skill      XL: |  1  2  3  4  5  6  7  8  9 10 11 12 13 |
---------------+----------------------------------------+-----
Dodging        | 2 3 4 6 7 8 9 10 11 | 11.4
Fighting       | 2 3 4 5 7 8 10 11 | 11.0
Transmutations | 3 4 6 8 10 | 10.5
Unarmed Combat | 4 5 7 8 10 12 14 15 | 15.3
Evocations     | 3 6 7 |  7.5
Spellcasting   | |  2.0

Action                   |  1- 3 |  4- 6 |  7- 9 | 10-12 | 13-15 || total
-------------------------+-------+-------+-------+-------+-------++-------
Melee: Unarmed           |   158 |   194 |   428 |   433 |   169 ||  1382
       Tailslap          |    15 |    23 |    48 |    76 |    32 ||   194
       Kick              |     1 |    10 |    49 |    83 |    35 ||   178
       Headbutt          |     1 |     5 |    38 |    51 |    17 ||   112
       Punch             |     1 |     9 |    16 |    50 |    19 ||    95
 Cast: Beastly Appendage |     1 |     4 |    15 |    20 |     6 ||    46
       Wereblood         |       |     1 |     3 |     1 |     2 ||     7
Invok: Potion Petition   |       |       |       |       |     1 ||     1
 Abil: Breathe Acid      |       |       |     1 |    14 |       ||    15
Evoke: Wand              |       |       |       |    17 |     1 ||    18
  Use: Scroll            |       |     2 |    15 |     9 |     5 ||    31
       Potion            |       |       |     8 |     5 |     4 ||    17
 Stab: Sleeping          |       |     2 |     1 |     1 |       ||     4
       Distracted        |       |       |     2 |     2 |       ||     4
       Paralysed         |       |       |       |     8 |       ||     8
Armor: Skin              |    46 |    46 |    97 |   113 |    64 ||   366
Dodge: Dodged            |   114 |   152 |   417 |   268 |   182 ||  1133

Table legend: (Time is in decaauts)
 A = Elapsed time spent in this place.
 B = Non-inter-level travel time spent in this place.
 C = Inter-level travel time spent in this place.
 D = Time resting spent in this place.
 E = Time spent auto-exploring this place.
 F = Levels seen in this place.
 G = Mean time per level.
                   A        B        C        D        E       F      G
               +--------+--------+--------+--------+--------+-----+--------+
         Total |  20786 |  20200 |    586 |   6827 |  10288 |  18 | 1154.8 |
       Dungeon |  19873 |  19287 |    586 |   6463 |  10229 |  15 | 1324.9 |
        Temple |     12 |     12 |      0 |      0 |      0 |   1 |   12.0 |
         Abyss |    229 |    229 |      0 |    116 |      0 |   1 |  229.0 |
         Sewer |    671 |    671 |      0 |    248 |     58 |   1 |  671.0 |
               +--------+--------+--------+--------+--------+-----+--------+

Top non-repeatable levels by time:
    D:12: 2394 daAuts
    D:10: 2156 daAuts
     D:9: 2099 daAuts
    D:14: 1889 daAuts
    D:13: 1682 daAuts
     D:8: 1663 daAuts
     D:2: 1126 daAuts
    D:11: 1119 daAuts
     D:7: 1103 daAuts
     D:1: 1032 daAuts
     D:6: 958 daAuts
     D:4: 903 daAuts
     D:3: 748 daAuts
   Sewer: 671 daAuts
     D:5: 609 daAuts
